 Dungeon Crawl Stone Soup version 0.22-a0-482-g76e0a5f (webtiles) character file.

472 Leszczynek the Cutter (level 6, 10/37 HPs)
             Began as a Deep Elf Skald on June 16, 2018.
             Was an Initiate of Okawaru.
             Quit the game on level 5 of the Dungeon on June 17, 2018.
             The game lasted 00:20:44 (2804 turns).

Leszczynek the Cutter (Deep Elf Skald)              Turns: 2804, Time: 00:20:46

Health: 10/37      AC: 11    Str: 10    XL:     6   Next: 83%
Magic:  10/12      EV: 12    Int: 18    God:    Okawaru [......]
Gold:   174        SH:  0    Dex: 14    Spells: 6/11 levels left

rFire    . . .     SeeInvis .   B - +0 dagger (curse)
rCold    . . .     Gourm    .   (no shield)
rNeg     . . .     Faith    .   s - +3 leather armour
rPois    .         Spirit   .   (no helmet)
rElec    .         Reflect  .   l - +0 cloak
rCorr    .         Harm     .   (no gloves)
MR       .....                  k - +1 pair of boots
Stlth    +.........             (no amulet)
HPRegen  0.12/turn              A - +2 ring of protection
MPRegen  0.13/turn              (no ring)

@: no status effects
A: no striking features
a: Renounce Religion


You were on level 5 of the Dungeon.
You worshipped Okawaru.
Okawaru was noncommittal.
You were not hungry.

You visited 1 branch of the dungeon, and saw 6 of its levels.

You collected 174 gold pieces.

Inventory:

Hand Weapons
 a - a +0 short sword
 b - a +0 hunting sling
 h - a +0 dagger of freezing
 p - a +1 mace of protection
 u - a +0 dagger of flaming
 z - a +5 flail of crushing
 B - a cursed +0 dagger (weapon)
 C - a +0 falchion
Missiles
 c - 106 stones (quivered)
 g - 49 sling bullets
Armour
 k - a +1 pair of boots (worn)
 l - a +0 cloak (worn)
 s - a +3 leather armour (worn)
 y - a +0 leather armour of cold resistance
Jewellery
 A - a +2 ring of protection (left hand)
Wands
 e - a wand of random effects (32)
Scrolls
 o - a scroll of magic mapping
 w - a scroll of blinking
 x - 2 scrolls of identify {@r1}
Potions
 f - 4 potions of agility {unknown}
 i - a potion of haste {unknown}
 m - a potion of degeneration {unknown}
 n - 2 potions of flight {unknown}
 r - a potion of heal wounds {unknown}
 t - 2 potions of brilliance {unknown}
 v - a potion of berserk rage {unknown}
Comestibles
 d - 7 rations
 j - 2 chunks of flesh


   Skills:
 - Level 3.0 Fighting
 * Level 5.5 Short Blades
 - Level 0.7 Armour
 + Level 3.0 Dodging
 - Level 3.0 Spellcasting
 - Level 4.0 Hexes
 - Level 4.4 Charms
 - Level 1.0 Translocations


You had 6 spell levels left.
You knew the following spells:

 Your Spells              Type           Power        Failure   Level  Hunger
b - Shroud of Golubria    Chrm/Tloc      ##........   11%         2    ##.....
c - Spectral Weapon       Hex/Chrm       ###.....     12%         3    ###....

Your spell library contained the following spells:

 Spells                   Type           Power        Failure   Level  Hunger
 Regeneration             Chrm/Necr      ##........   26%         3    ###....
 Infusion                 Chrm           ###.         3%          1    None
 Song of Slaying          Chrm           ###.....     5%          2    ##.....


Dungeon Overview and Level Annotations

Branches:
Dungeon (6/15)
 Temple: D:4-7

Altars:
Ashenzari
Dithmenos
Okawaru
Sif Muna
Uskayaw

Annotations:
D:3 ThereIsNoGod's ghost, amateur DrTm
D:4 yiuf


Message History

The phantom blinks!
You closely miss the phantom.
The phantom is lightly damaged.
Your spectral weapon hits the phantom.
The phantom blinks!
The phantom blinks!
You swap places.
You hit the phantom but do no damage.
The phantom is lightly damaged.
The phantom blinks!
You swap places.
The phantom hits you!
The phantom blinks!
The phantom barely misses your spectral weapon.
The phantom blinks!
There is a stone staircase leading up here.
The phantom hits your spectral weapon.
Your spectral weapon shares its damage with you!
You climb upwards.
Your summoned ally is left behind.
Your spectral weapon fades away.
There is a stone staircase leading down here.
Are you sure you want to abandon this character and quit the game? (Confirm with "yes".)

. #...# #...######
.. #...# #...#
.##.#####...# #...#
........#...####...#
#................#
#.........<......#
#.....##..####.###
#..#####..# #.# ....
#.@# #.# .### #..#
#.# #..# #.# #...
..# ...# ### #####


There were no monsters in sight!

Vanquished Creatures
  Edmund (D:4)
  A bullfrog (D:6)
  A hound (D:4)
  An orc wizard (D:2)
  An orc priest (D:2)
  Jessica (D:3)
  9 adders
  3 worms
  A dart slug (D:2)
  4 leopard geckos
  13 orcs
  4 bats
  4 giant cockroaches
  7 goblins
  8 hobgoblins
  3 jackals (D:2)
  A quokka (D:3)
  3 ball pythons
  7 frilled lizards
  14 kobolds
  A rat (D:2)
88 creatures vanquished.

Notes
Turn   | Place    | Note
-------+----------+-------------------------------------------
     0 | D:1      | Leszczynek the Deep Elf Skald began the quest for the Orb.
     0 | D:1      | Reached XP level 1. HP: 12/12 MP: 6/6
   118 | D:1      | Reached skill level 2 in Fighting
   164 | D:1      | Reached XP level 2. HP: 17/17 MP: 4/8
   178 | D:1      | Learned a level 2 spell: Shroud of Golubria
   322 | D:1      | Reached skill level 1 in Translocations
   431 | D:1      | Reached XP level 3. HP: 20/21 MP: 2/9
   594 | D:1      | Learned a level 3 spell: Spectral Weapon
   680 | D:2      | Reached skill level 1 in Hexes
   719 | D:2      | Reached skill level 2 in Hexes
   848 | D:2      | Reached XP level 4. HP: 27/27 MP: 4/10
   866 | D:2      | Reached skill level 3 in Hexes
   932 | D:2      | Found a deep blue altar of Sif Muna.
   937 | D:2      | Found a shadowy altar of Dithmenos.
   986 | D:2      | Reached skill level 3 in Short Blades
  1001 | D:2      | Reached XP level 5. HP: 18/31 MP: 7/11
  1233 | D:3      | Noticed ThereIsNoGod's ghost (amateur DrTm)
  1364 | D:3      | Reached skill level 4 in Hexes
  1384 | D:3      | Noticed Jessica
  1403 | D:3      | Killed Jessica
  1403 | D:3      | Reached skill level 4 in Short Blades
  1446 | D:3      | Found a shattered altar of Ashenzari.
  1446 | D:3      | Found a hide-covered altar of Uskayaw.
  1521 | D:2      | Found an iron altar of Okawaru.
  1524 | D:2      | Became a worshipper of Warmaster Okawaru
  1982 | D:4      | Noticed Edmund
  2010 | D:4      | Killed Edmund
  2010 | D:4      | Reached skill level 3 in Fighting
  2010 | D:4      | Reached skill level 5 in Short Blades
  2010 | D:4      | Reached XP level 6. HP: 28/37 MP: 3/12
  2496 | D:5      | Entered Level 5 of the Dungeon
  2590 | D:6      | Upgraded the game from 0.22-a0-480-g991dd4b to 0.22-a0-482-g76e0a5f
  2615 | D:6      | Reached skill level 3 in Dodging
  2804 | D:5      | Quit the game

Vault maps used:
D:1:      minmay_arrival_stone_box
D:2:      lemuel_doored_altar, amethyst_overflow_temple_binary
D:3:      lemuel_round_altar, gammafunk_temple_overflow_elements, first_ration,
          grunt_ministairs_6, uniq_jessica
D:4:      kennysheep_generic_room_12, uniq_edmund, uniq_crazy_yiuf_cottage
D:5:      zin_scriptorium
D:6:      nicolae_ossuary_entry_monument, grunt_ministairs_4, eino_tiny_chamber,
          okawaru_trees_2

Skill      XL: |  1  2  3  4  5  6 |
---------------+-------------------+-----
Fighting       | 2 3 |  3.0
Translocations | 1 |  1.0
Hexes          | 2 3 4 |  4.0
Short Blades   | 3 5 |  5.5
Dodging        | 3 |  3.0
Armour         | |  0.7
Spellcasting   | |  3.0
Charms         | |  4.4

Action                   |  1- 3 |  4- 6 || total
-------------------------+-------+-------++-------
Melee: Short sword       |   101 |   133 ||   234
       Dagger            |     6 |   120 ||   126
 Fire: Hunting sling     |     1 |       ||     1
Throw: Stone             |    33 |       ||    33
 Cast: Infusion          |     7 |       ||     7
       Shroud of Golubri |     9 |    18 ||    27
       Spectral Weapon   |     4 |    21 ||    25
  Use: Scroll            |     3 |     5 ||     8
       Potion            |       |     2 ||     2
 Stab: Distracted        |       |     2 ||     2
  Eat: Chunk             |     1 |    10 ||    11
Armor: Leather armour    |    39 |    66 ||   105
Dodge: Dodged            |    84 |   138 ||   222

Table legend:
 A = Spawn XP
 B = Non-spawn XP
 C = Spawn XP percentage of total XP
 D = Spawn monster count
 E = Non-spawn monster count
 F = Spawn count percentage of total count
 G = Total turns spent on level
                    A         B        C        D         E        F      G
               +---------+---------+-------+---------+---------+-------+---------
         Total |       0 |     675 |   0.0 |       0 |      88 |   0.0 |  2804
               +---------+---------+-------+---------+---------+-------+---------
           D:1 |       0 |      35 |   0.0 |       0 |      14 |   0.0 |   613
           D:2 |       0 |     218 |   0.0 |       0 |      36 |   0.0 |   683
           D:3 |       0 |     113 |   0.0 |       0 |      23 |   0.0 |   580
           D:4 |       0 |     213 |   0.0 |       0 |       9 |   0.0 |   620
           D:5 |       0 |       3 |   0.0 |       0 |       2 |   0.0 |   130
           D:6 |       0 |      93 |   0.0 |       0 |       4 |   0.0 |   178
               +---------+---------+-------+---------+---------+-------+---------
